[Event "European Online Club-ch-G 2021"]
[Site "Online"]
[Date "2021.03.27"]
[Round "9.8"]
[White "Haring, Filip"]
[Black "Ongut, Tamas Gunes"]
[Result "1/2-1/2"]
[ECO "E94"]
[WhiteElo "2376"]
[BlackElo "2314"]
[Annotator "NA"]
[PlyCount "87"]
[EventDate "2021.03.27"]
[EventType "team-tourn"]
[EventCountry "NET"]
[SourceTitle "playchess.com"]
[Source "ChessBase"]
[SourceQuality "1"]
[TimeControl "900+5"]

1. Nf3 Nf6 2. c4 g6 3. Nc3 Bg7 4. e4 d6 5. d4 O-O 6. Be2 e5 7. O-O exd4 8. Nxd4 Re8 9. f3 c6 10. Kh1 d5 11. exd5 cxd5 12. Bg5 h6 13. Bh4 dxc4 14. Ndb5 g5 15. Bf2 Nc6 16. Bxc4 Be6 17. Bxe6 Rxe6 18. Qxd8+ Rxd8 19. Rad1 Rxd1 20. Rxd1 a6 21. Nd4 Nxd4 22. Bxd4 b5 23. a3 Ng4 24. Ne4 Bxd4 25. Rxd4 f5 26. fxg4 Rxe4 27. Rd8+ Kf7 28. h3 fxg4 29. hxg4 Rxg4 30. Rd6 a5 31. Rxh6 Rh4+ 32. Rxh4 gxh4 33. Kh2 Kg6 34. Kh3 Kg5 35. g3 hxg3 36. Kxg3 Kf5 37. Kf3 Ke5 38. Ke3 Kd5 39. Kd3 a4 40. Kc3 Kc5 41. b3 axb3 42. Kxb3 Kc6 43. a4 bxa4+ 44. Kxa4 1/2-1/2

[Event "European Online Club-ch-G 2021"]
[Site "Online"]
[Date "2021.03.27"]
[Round "9.9"]
[White "Sevdimaliyev, Urfan"]
[Black "Bartel, Mateusz"]
[Result "0-1"]
[ECO "B04"]
[WhiteElo "2369"]
[BlackElo "2635"]
[Annotator "ChessBase"]
[PlyCount "102"]
[EventDate "2021.03.27"]
[EventType "team-tourn"]
[EventCountry "NET"]
[SourceTitle "playchess.com"]
[Source "ChessBase"]
[SourceQuality "1"]
[TimeControl "900+5"]

1. e4 Nf6 2. e5 Nd5 3. d4 d6 4. Nf3 Bf5 5. Bd3 Bxd3 6. Qxd3 e6 7. O-O Nc6 8. exd6 Bxd6 9. c4 Nf6 10. Nc3 O-O 11. Bg5 Be7 12. Rad1 Nh5 13. Bxe7 Nxe7 14. Qe4 c6 15. Rfe1 Nf6 16. Qc2 Rc8 17. Ne4 Nxe4 18. Qxe4 Qa5 19. a3 Rcd8 20. Rd3 Nf5 21. Qf4 Qa4 22. Rc3 b5 23. Rec1 h6 24. g4 Nd6 25. c5 Ne8 26. g5 hxg5 27. Qxg5 Rd5 28. Qe3 Nf6 29. Kh1 Rf5 30. Rg1 Rd8 31. Ne5 Qxd4 32. Rd3 Qxe5 33. Rxd8+ Kh7 34. Qxe5 Rxe5 35. b4 Re2 36. f3 Re3 37. Rc8 Rxf3 38. Rxc6 Nd5 39. Ra6 e5 40. Rc1 e4 41. Rd6 Nf4 42. c6 e3 43. Rdd1 e2 44. Re1 Nd3 45. Rxe2 Nxc1 46. Rc2 Nd3 47. c7 Ne1 48. Kg1 Nxc2 49. c8=Q Ne3 50. h3 f5 51. Qb7 Rxh3 0-1

[Event "European Online Club-ch-G 2021"]
[Site "Online"]
[Date "2021.03.27"]
[Round "9.10"]
[White "Mastrovasilis, Dimitrios"]
[Black "Babayev, Talib"]
[Result "1-0"]
[ECO "B18"]
[WhiteElo "2609"]
[BlackElo "2282"]
[Annotator "ChessBase"]
[PlyCount "55"]
[EventDate "2021.03.27"]
[EventType "team-tourn"]
[EventCountry "NET"]
[SourceTitle "playchess.com"]
[Source "ChessBase"]
[SourceQuality "1"]
[TimeControl "900+5"]

1. e4 c6 2. d4 d5 3. Nd2 dxe4 4. Nxe4 Bf5 5. Qf3 e6 6. Ne2 Nf6 7. Nxf6+ Qxf6 8. Qb3 b6 9. Ng3 Bg6 10. Be3 Bd6 11. O-O-O O-O 12. h4 h6 13. Bd3 Nd7 14. Ne4 Qe7 15. Nxd6 Bxd3 16. Nxf7 Be4 17. Ne5 Nxe5 18. dxe5 Bxg2 19. Rhg1 Bf3 20. Rd6 Qxh4 21. Qxe6+ Kh8 22. Qg6 Qe7 23. Bxh6 gxh6 24. Qxh6+ Qh7 25. Qe3 Rg8 26. Rxg8+ Qxg8 27. Rh6+ Kg7 28. Qg5+ 1-0

[Event "European Online Club-ch-G 2021"]
[Site "Online"]
[Date "2021.03.27"]
[Round "9.11"]
[White "Gasimov, Parviz"]
[Black "Wieczorek, Oskar"]
[Result "1-0"]
[ECO "C54"]
[WhiteElo "2337"]
[BlackElo "2498"]
[Annotator "ChessBase"]
[PlyCount "103"]
[EventDate "2021.03.27"]
[EventType "team-tourn"]
[EventCountry "NET"]
[SourceTitle "playchess.com"]
[Source "ChessBase"]
[SourceQuality "1"]
[TimeControl "900+5"]

1. e4 e5 2. Bc4 Nc6 3. Nf3 Bc5 4. c3 Nf6 5. d3 d6 6. a4 a5 7. Na3 h6 8. Nc2 d5 9. exd5 Nxd5 10. O-O O-O 11. d4 exd4 12. Ncxd4 Bg4 13. h3 Bh5 14. g4 Bg6 15. Nxc6 bxc6 16. Ne5 Qh4 17. Qf3 Rae8 18. Bxd5 Rxe5 19. Bxc6 f5 20. Be3 fxg4 21. Qxg4 Qf6 22. Bg2 Bd3 23. Bxc5 Rg5 24. Qxg5 Qxg5 25. Bxf8 Bxf1 26. Rxf1 Kxf8 27. b4 Qf4 28. Rb1 Qf5 29. Rd1 Qc2 30. Rd8+ Ke7 31. Ra8 Qxa4 32. bxa5 Qa1+ 33. Kh2 Qxc3 34. a6 Qe5+ 35. Kg1 Qa1+ 36. Bf1 g5 37. a7 h5 38. Kg2 Qa2 39. Kg1 g4 40. hxg4 hxg4 41. Bg2 Qa1+ 42. Kh2 Qe5+ 43. Kg1 Qa1+ 44. Bf1 Kf7 45. Kg2 Qa2 46. Kg3 Kg7 47. Bg2 Kh7 48. Rh8+ Kxh8 49. a8=Q+ Qxa8 50. Bxa8 Kg7 51. Kxg4 Kf6 52. Kf4 1-0

[Event "European Online Club-ch-G 2021"]
[Site "Online"]
[Date "2021.03.27"]
[Round "9.12"]
[White "Zawadzka, Jolanta"]
[Black "Hasanzade, Toghrul"]
[Result "1-0"]
[ECO "C11"]
[WhiteElo "2399"]
[BlackElo "2322"]
[Annotator "NA"]
[PlyCount "97"]
[EventDate "2021.03.27"]
[EventType "team-tourn"]
[EventCountry "NET"]
[SourceTitle "playchess.com"]
[Source "ChessBase"]
[SourceQuality "1"]
[TimeControl "900+5"]

1. e4 e6 2. d4 d5 3. Nc3 Nf6 4. e5 Nfd7 5. f4 c5 6. Nf3 Nc6 7. Be3 cxd4 8. Nxd4 Bc5 9. Qd2 O-O 10. O-O-O Nxd4 11. Bxd4 a6 12. h4 b5 13. Kb1 Qc7 14. h5 Bxd4 15. Qxd4 Nc5 16. g4 Bd7 17. Bd3 b4 18. Ne2 Rfc8 19. Rc1 a5 20. g5 a4 21. g6 fxg6 22. hxg6 h6 23. f5 exf5 24. Nf4 Ne6 25. Qxd5 Ra5 26. Nxe6 Rxd5 27. Nxc7 Rxc7 28. Rce1 Be6 29. Rh4 b3 30. Rxa4 bxa2+ 31. Rxa2 Kf8 32. b3 Rd4 33. Rf1 f4 34. Ra4 Rxa4 35. bxa4 Rc5 36. Rxf4+ Ke7 37. Re4 h5 38. Kb2 Bd5 39. Rh4 Bf3 40. Rf4 Bd5 41. Rf5 h4 42. Rh5 Be6 43. Rxh4 Rxe5 44. Rb4 Kf6 45. Rb5 Re1 46. a5 Bh3 47. a6 Bg2 48. Rf5+ Ke6 49. Rf7 1-0

[Event "European Online Club-ch-G 2021"]
[Site "Online"]
[Date "2021.03.27"]
[Round "9.13"]
[White "Mica, Marek"]
[Black "Dreev, Aleksey"]
[Result "0-1"]
[ECO "E01"]
[WhiteElo "2274"]
[BlackElo "2647"]
[Annotator "ChessBase"]
[PlyCount "120"]
[EventDate "2021.03.27"]
[EventType "team-tourn"]
[EventCountry "NET"]
[SourceTitle "playchess.com"]
[Source "ChessBase"]
[SourceQuality "1"]
[TimeControl "900+5"]

1. d4 d5 2. c4 e6 3. Nf3 Nf6 4. g3 Bb4+ 5. Bd2 Bd6 6. Bg2 O-O 7. O-O c6 8. Qc2 Nbd7 9. Nc3 dxc4 10. e4 e5 11. Be3 Re8 12. dxe5 Nxe5 13. Nxe5 Bxe5 14. Rfd1 Qe7 15. Ne2 b5 16. Rac1 Ng4 17. Bd4 c5 18. Bc3 Bb7 19. h3 Nf6 20. Re1 Rad8 21. Ba5 Bc7 22. Bxc7 Qxc7 23. Nc3 a6 24. a4 Bc6 25. Nd5 Bxd5 26. exd5 Rxe1+ 27. Rxe1 Re8 28. Rd1 Qd6 29. Qc3 h5 30. Qa5 Rb8 31. axb5 axb5 32. Qa7 h4 33. g4 b4 34. Qa2 b3 35. Qa5 Nd7 36. Qc3 Qe5 37. Qxe5 Nxe5 38. Be4 g5 39. d6 Rd8 40. Rd5 f6 41. Rxc5 Rxd6 42. Bd5+ Kf8 43. Kg2 Nd3 44. Rc8+ Ke7 45. Bxc4 Nf4+ 46. Kf3 Rd2 47. Rb8 Nxh3 48. Rb7+ Kd6 49. Rxb3 Rxf2+ 50. Ke3 Rf4 51. Be2 Nf2 52. Rb6+ Kc7 53. Re6 Kd7 54. Ra6 Ke7 55. Ra7+ Kf8 56. Ra8+ Kg7 57. Rb8 Nxg4+ 58. Bxg4 Rxg4 59. b4 h3 60. b5 h2 0-1

[Event "European Online Club-ch-G 2021"]
[Site "Online"]
[Date "2021.03.27"]
[Round "9.14"]
[White "Piorun, Kacper"]
[Black "Stalmach, Richard"]
[Result "1-0"]
[ECO "A45"]
[WhiteElo "2615"]
[BlackElo "2296"]
[Annotator "ChessBase"]
[PlyCount "57"]
[EventDate "2021.03.27"]
[EventType "team-tourn"]
[EventCountry "NET"]
[SourceTitle "playchess.com"]
[Source "ChessBase"]
[SourceQuality "1"]
[TimeControl "900+5"]

1. d4 Nf6 2. Bg5 c5 3. d5 Qb6 4. Bc1 d6 5. Nc3 g6 6. e4 Bg7 7. Bb5+ Nbd7 8. a4 O-O 9. Nf3 a6 10. Be2 e6 11. dxe6 fxe6 12. Bc4 Re8 13. O-O Ng4 14. Ng5 Nde5 15. Be2 Nf6 16. f4 Nc6 17. Bc4 Qc7 18. f5 gxf5 19. exf5 Nd4 20. fxe6 Bxe6 21. Nxe6 Nxe6 22. Bg5 d5 23. Bxf6 dxc4 24. Nd5 Bxf6 25. Nxc7 Bd4+ 26. Kh1 Nxc7 27. c3 Bg7 28. Qd7 Rac8 29. Rae1 1-0

[Event "European Online Club-ch-G 2021"]
[Site "Online"]
[Date "2021.03.27"]
[Round "9.15"]
[White "Gnojek, Petr"]
[Black "Shchekachev, Andrei"]
[Result "1/2-1/2"]
[ECO "E38"]
[WhiteElo "2267"]
[BlackElo "2515"]
[Annotator "ChessBase"]
[PlyCount "102"]
[EventDate "2021.03.27"]
[EventType "team-tourn"]
[EventCountry "NET"]
[SourceTitle "playchess.com"]
[Source "ChessBase"]
[SourceQuality "1"]
[TimeControl "900+5"]

1. d4 Nf6 2. c4 e6 3. Nc3 Bb4 4. Qc2 c5 5. dxc5 Qc7 6. e3 a6 7. Nf3 Bxc5 8. Bd3 b6 9. O-O Bb7 10. e4 Nc6 11. a3 Ng4 12. g3 Nce5 13. Nxe5 Qxe5 14. Kg2 Qh5 15. h3 Ne5 16. Be2 Qg6 17. Bf4 Nc6 18. Rad1 O-O 19. Rxd7 Nd4 20. Qd3 Nxe2 21. Qxe2 Bc6 22. Rd2 f5 23. f3 fxe4 24. fxe4 e5 25. Bxe5 Rxf1 26. Qxf1 Rf8 27. Qd3 Qg5 28. Bd4 Bd6 29. Rf2 Rxf2+ 30. Bxf2 Be5 31. Nd5 Bxb2 32. Bxb6 Qe5 33. Bc5 Kh8 34. Qf3 h6 35. Qf8+ Kh7 36. Qf5+ Qxf5 37. exf5 Ba4 38. Bb4 Bb3 39. Nb6 a5 40. Bxa5 Bxa3 41. Nd5 Bxc4 42. Ne3 Bb5 43. Kf3 Bc5 44. Bc3 Bxe3 45. Kxe3 Bf1 46. h4 Bh3 47. Kf4 h5 48. Ke5 Bg4 49. Bd2 Kg8 50. f6 gxf6+ 51. Kxf6 Kh7 1/2-1/2

[Event "European Online Club-ch-G 2021"]
[Site "Online"]
[Date "2021.03.27"]
[Round "9.16"]
[White "Flom, Gabriel"]
[Black "Frank, Adam"]
[Result "1-0"]
[ECO "C58"]
[WhiteElo "2474"]
[BlackElo "2238"]
[Annotator "ChessBase"]
[PlyCount "133"]
[EventDate "2021.03.27"]
[EventType "team-tourn"]
[EventCountry "NET"]
[SourceTitle "playchess.com"]
[Source "ChessBase"]
[SourceQuality "1"]
[TimeControl "900+5"]

1. e4 e5 2. Nf3 Nc6 3. Bc4 Nf6 4. Ng5 d5 5. exd5 Na5 6. Bb5+ c6 7. dxc6 bxc6 8. Bd3 Nd5 9. Nf3 Bd6 10. O-O O-O 11. Re1 Nf4 12. Bf1 c5 13. d3 Bb7 14. Nxe5 Ng6 15. Nf3 Nc6 16. Nc3 Nce5 17. Nxe5 Bxe5 18. g3 Bxc3 19. bxc3 Qd5 20. f3 h5 21. Bg2 Rae8 22. Be3 h4 23. c4 Qc6 24. Bf2 Ne5 25. gxh4 Re6 26. Bg3 Rfe8 27. Bxe5 Rxe5 28. Qd2 Qe6 29. Rxe5 Qxe5 30. Rb1 Qd4+ 31. Qf2 Qd7 32. Qxc5 Re2 33. Rc1 Qe6 34. Kf1 Re3 35. Kf2 Re2+ 36. Kg1 Rd2 37. Rf1 Rxc2 38. Qxa7 Qe2 39. Rf2 Qd1+ 40. Bf1 Rxf2 41. Qxf2 Bxf3 42. h3 Bc6 43. d4 Be4 44. Kh2 f5 45. d5 Kh7 46. Bg2 Bxg2 47. Qxf5+ g6 48. Qf7+ Kh6 49. Qf4+ Kh7 50. Kxg2 Qe2+ 51. Kg3 Qd3+ 52. Kg4 Qe2+ 53. Kg5 Qe7+ 54. Kg4 Qe2+ 55. Kg3 Qd3+ 56. Qf3 Qxc4 57. h5 Qc7+ 58. Qf4 Qc3+ 59. Kg4 gxh5+ 60. Kxh5 Qxh3+ 61. Kg5 Qa3 62. Qf7+ Kh8 63. Qe8+ Kg7 64. Qe5+ Kf7 65. d6 Qa7 66. Qf6+ Kg8 67. Qd8+ 1-0

[Event "European Online Club-ch-G 2021"]
[Site "Online"]
[Date "2021.03.27"]
[Round "9.17"]
[White "Flear, Glenn C"]
[Black "Grachev, Boris"]
[Result "1/2-1/2"]
[ECO "D35"]
[WhiteElo "2431"]
[BlackElo "2619"]
[Annotator "ChessBase"]
[PlyCount "85"]
[EventDate "2021.03.27"]
[EventType "team-tourn"]
[EventCountry "NET"]
[SourceTitle "playchess.com"]
[Source "ChessBase"]
[SourceQuality "1"]
[TimeControl "900+5"]

1. d4 d5 2. c4 e6 3. Nc3 Nf6 4. cxd5 exd5 5. Bg5 c6 6. e3 h6 7. Bh4 Be6 8. Bd3 Nbd7 9. Qc2 g5 10. Bg3 Nh5 11. Nge2 Nxg3 12. Nxg3 h5 13. O-O-O h4 14. Nf5 Qf6 15. Kb1 Nb6 16. g4 O-O-O 17. h3 Kb8 18. Rhe1 Bb4 19. Re2 Bxf5 20. Bxf5 Rhe8 21. Na4 Bd6 22. Nxb6 axb6 23. e4 dxe4 24. Rxe4 Rxe4 25. Bxe4 Bf8 26. d5 Bg7 27. Rd3 cxd5 28. Rxd5 Rxd5 29. Bxd5 Qe5 30. Qd2 Ka7 31. a3 f5 32. f3 Bf6 33. Ka2 fxg4 34. fxg4 Qd4 35. Qxd4 Bxd4 36. a4 Kb8 37. Kb3 Kc7 38. Kc2 Kd6 39. Bxb7 Ke5 40. Kd3 Bc5 41. b4 Bxb4 42. Ke3 Bc5+ 43. Kf3 1/2-1/2

[Event "European Online Club-ch-G 2021"]
[Site "Online"]
[Date "2021.03.27"]
[Round "9.18"]
[White "Motylev, Alexander"]
[Black "Boyer, Mahel"]
[Result "1/2-1/2"]
[ECO "B00"]
[WhiteElo "2641"]
[BlackElo "2333"]
[Annotator "ChessBase"]
[PlyCount "105"]
[EventDate "2021.03.27"]
[EventType "team-tourn"]
[EventCountry "NET"]
[SourceTitle "playchess.com"]
[Source "ChessBase"]
[SourceQuality "1"]
[TimeControl "900+5"]

1. e4 Nc6 2. Nf3 d5 3. exd5 Qxd5 4. Nc3 Qh5 5. Nb5 Kd8 6. Nc3 Bg4 7. Be2 Nf6 8. d4 e6 9. Bf4 Bd6 10. Qd2 Ke7 11. h3 Rhd8 12. Bg5 h6 13. Bxf6+ gxf6 14. O-O-O Bxf3 15. Bxf3 Qg5 16. Qxg5 hxg5 17. Ne2 Rh8 18. c3 Rad8 19. b4 f5 20. Kc2 Kf6 21. a4 Rb8 22. Bxc6 bxc6 23. Nc1 a5 24. bxa5 c5 25. dxc5 Bxc5 26. Nd3 Bd6 27. Nb2 Ra8 28. Nc4 Bc5 29. f3 Rh4 30. g4 Rah8 31. Rd7 Rxh3 32. Rxh3 Rxh3 33. Rxc7 Bg1 34. gxf5 exf5 35. a6 g4 36. fxg4 fxg4 37. a7 Rh8 38. Nd6 Ra8 39. Rxf7+ Ke6 40. Rf1 Bxa7 41. Nb5 Bb6 42. Re1+ Kf6 43. Kb3 Bf2 44. Re2 g3 45. Nd6 Kg6 46. Re6+ Kh5 47. Re5+ Kg4 48. Ne4 Kf4 49. Re7 Rb8+ 50. Kc2 Ra8 51. Kb3 Rb8+ 52. Kc2 Ra8 53. Kb3 1/2-1/2

[Event "European Online Club-ch-G 2021"]
[Site "Online"]
[Date "2021.03.27"]
[Round "9.19"]
[White "Hmamouche, Youssef"]
[Black "Kobalia, Mikhail"]
[Result "0-1"]
[ECO "E61"]
[WhiteElo "1926"]
[BlackElo "2587"]
[Annotator "ChessBase"]
[PlyCount "62"]
[EventDate "2021.03.27"]
[EventType "team-tourn"]
[EventCountry "NET"]
[SourceTitle "playchess.com"]
[Source "ChessBase"]
[SourceQuality "1"]
[TimeControl "900+5"]

1. d4 Nf6 2. Nf3 g6 3. c4 Bg7 4. Nc3 O-O 5. Bg5 h6 6. Bh4 d6 7. e3 Nbd7 8. Qc2 c5 9. d5 a6 10. a4 Ng4 11. Be2 Nge5 12. Nxe5 Nxe5 13. O-O g5 14. Bg3 Qe8 15. a5 f5 16. f3 f4 17. exf4 gxf4 18. Be1 Qh5 19. Ne4 Bf5 20. Kh1 Qg6 21. Rc1 h5 22. b3 Kh7 23. Bh4 Rf7 24. Qd2 Bh6 25. Rg1 Bxe4 26. fxe4 f3 27. Qe1 f2 28. Bxf2 Bxc1 29. g4 Qxe4+ 30. Rg2 Bd2 31. Qf1 Be3 0-1